 Dungeon Crawl Stone Soup version 0.30-a0-1161-g0704695555 (webtiles) character file.

Game seed: 7116872000990083366

45 Demosthentine the Poker (level 3, -2/28 HPs)
             Began as a Demonspawn Gladiator on Apr 27, 2023.
             Slain by Sigmund
             ... wielding a +7 scythe of protection
              (11 damage)
             ... on level 2 of the Dungeon.
             The game lasted 00:01:08 (1004 turns).

Demosthentine the Poker (Demonspawn Gladiator)      Turns: 1004, Time: 00:01:09

Health: -2/28      AC:  5    Str: 16    XL:     3   Next: 42%
Magic:  3/3        EV: 12    Int:  9    God:
Gold:   84         SH:  0    Dex: 14    Spells: 2/2 levels left

rFire   . . .        a - +1 trident
rCold   . . .        (no shield)
rNeg    . . .        b - +0 leather armour
rPois   .            c - +1 helmet
rElec   .            (no cloak)
rCorr   .            (no gloves)
SInv    .            (no boots)
Will    .....        (no amulet)
Stlth   +            (no ring)
HPRegen 0.24/turn    (no ring)
MPRegen 0.08/turn

%: no passive effects
@: mighty, invisible
A: foul stench 1
a: no special abilities


You were on level 2 of the Dungeon.
You visited 1 branch of the dungeon, and saw 2 of its levels.

You collected 84 gold pieces.

Inventory:

Hand Weapons
 a - a +1 trident (weapon)
Missiles
 d - 3 throwing nets (quivered)
 e - a javelin
 f - 9 poisoned darts
Armour
 b - a +0 leather armour (worn)
 c - a +1 helmet (worn)
Scrolls
 g - a scroll of noise {unknown}
 i - a scroll of identify {unknown}
Potions
 h - 3 potions of might
 j - a potion of invisibility
 l - a potion of berserk rage {unknown}
 m - a potion of curing {unknown}
 n - a potion of attraction {unknown}
 o - a potion of mutation {unknown}


   Skills:
 + Level 2.5 Fighting
 + Level 3.1 Polearms
 - Level 1.7 Throwing
 + Level 1.2 Armour
 + Level 3.1 Dodging


You had 2 spell levels left.
You didn't know any spells.
Your spell library contained the following spells:

 Spells                   Type           Power      Damage    Failure   Level
 Lesser Beckoning         Tloc           0%         N/A       58%         2
 Momentum Strike          Conj/Tloc      0%         3d8       58%         2
 Teleport Other           Tloc           0%         N/A       83%         3


Dungeon Overview and Level Annotations

Branches:
Dungeon (2/15)

Altars:

Shops:
D:1 (

Annotations:
D:2 Sigmund


Innate Abilities, Weirdness & Mutations

You may rarely emit foul miasma when damaged in melee.


Message History

A goblin is nearby!
Unknown command.
The goblin attacks as you move away! The goblin hits you but does no damage.
The goblin attacks as you move away! The goblin hits you but does no damage.
You hear some strange, mumbled words.
You are confused.
The goblin attacks as you move away! The goblin closely misses you.
You're too confused to move!
The goblin barely misses you.
You barely miss the goblin. Something hits you!
The goblin hits you with a +0 dagger.
You bump into the rock wall.
The goblin closely misses you. Something hits you!
* * * LOW HITPOINT WARNING * * *
The goblin attacks as you move away! The goblin hits you but does no damage.
It was a potion of might.
You feel very mighty all of a sudden. The goblin completely misses you.
The goblin attacks as you move away! The goblin barely misses you.
You feel less confused.
It was a potion of invisibility.
You fade into invisibility!
You hear some strange, mumbled words.
The goblin resists with significant effort.
The goblin barely misses you.
It was a potion of heal wounds.
You feel much better.
You hear some strange, mumbled words.
Something tries to affect you, but you resist.
You miss something. Something hits you!
You barely miss something.
You hear some strange, mumbled words.
A puff of flame appears from out of thin air!
The puff of flame misses you.
You closely miss something. Something completely misses you.
You barely miss something. Something hits you!
* * * LOW HITPOINT WARNING * * *
You puncture something!
You feel much better. Something hits you!
Ouch! That really hurt!
You completely miss something. Something hits you.
You hit something. Something hits you!
You die...

#.........#.....#.#####
#.#####.#.#...........#
#.#)#.##........#
#.#.#........!..#
#.#.###.........# #.#.#
#.........# #.#.#
#.........#
#.#.###.).......#
#..@{g........#
#####.#.#.##### ..#.#.#
####.#.# #.#.# ..


You could see a goblin (unable to see you).

Vanquished Creatures
  2 adders (D:2)
  2 bats (D:1)
  2 endoplasms
  2 giant cockroaches (D:1)
  5 goblins
  2 hobgoblins
  2 kobolds (D:1)
  A quokka (D:1)
  2 ball pythons (D:1)
  A frilled lizard (D:2)
  6 rats
27 creatures vanquished.

Notes
Turn   | Place    | Note
-------+----------+-------------------------------------------
     0 | D:1      | Demosthentine the Demonspawn Gladiator began the quest for
                  | the Orb.
     0 | D:1      | Reached XP level 1. HP: 16/16 MP: 1/1
   135 | D:1      | Found Woce's Antique Weapon Shoppe.
   255 | D:1      | Gained mutation: You may rarely emit foul miasma when
                  | damaged in melee. [demonic ancestry]
   255 | D:1      | Reached XP level 2. HP: 22/22 MP: 2/2
   732 | D:1      | Got the Directory of Precision Catastrophes
   767 | D:2      | Reached skill level 1 in Armour
   767 | D:2      | Reached XP level 3. HP: 17/28 MP: 3/3
   975 | D:2      | Noticed Sigmund
  1004 | D:2      | Slain by Sigmund

Illustrated notes

Levels and vault maps discovered:
D:1:      amcnicky_arrival_feature_with_door, layout_loops_ring, serial_shops,
          nicolae_shop_behind_doors, chequers_serial_rivers_small_b
D:2:      layout_basic, uniq_sigmund

Skill      XL: |  1  2 |
---------------+-------+-----
Polearms       | 3 |  3.1
Armour         | 1 |  1.2
Dodging        | 3 |  3.1
Fighting       | |  2.5
Throwing       | |  1.7

Action                     || total
---------------------------++-------
  Melee: Trident           ||    91
    Use: Scroll            ||     3
         Potion            ||     4
   Stab: Sleeping          ||     3
 Armour: Leather armour    ||    27
  Dodge: Dodged            ||    48

Table legend: (Time is in decaauts)
 A = Elapsed time spent in this place.
 B = Non-inter-level travel time spent in this place.
 C = Inter-level travel time spent in this place.
 D = Time resting spent in this place.
 E = Time spent auto-exploring this place.
 F = Levels seen in this place.
 G = Mean time per level.
                   A        B        C        D        E       F      G
               +--------+--------+--------+--------+--------+-----+--------+
         Total |   1018 |   1018 |      0 |      0 |    778 |   2 |  509.0 |
       Dungeon |   1018 |   1018 |      0 |      0 |    778 |   2 |  509.0 |
               +--------+--------+--------+--------+--------+-----+--------+

Top non-repeatable levels by time:
     D:1: 761 daAuts
     D:2: 256 daAuts
